 Dungeon Crawl Stone Soup version 0.20.1-1-g8b1a95d (webtiles) character file.

1139 Sause the Archer (level 8, -5/68 HPs)
             Began as a Centaur Hunter on Aug 20, 2017.
             Slain by a sky beast (6 damage)
             ... on level 5 of the Dungeon on Aug 22, 2017.
             The game lasted 00:33:15 (4110 turns).

Sause the Archer (Centaur Hunter)                   Turns: 4110, Time: 00:33:16

Health: -5/68      AC:  6    Str: 14 (16) XL:     8   Next: 14%
Magic:  8/8        EV:  7    Int: 13      God:
Gold:   225        SH:  0    Dex:  9 (11) Spells: 7/7 levels left

rFire    . . .     SeeInvis .   c - +0 trident
rCold    . . .     Gourm    .   (no shield)
rNeg     . . .     Faith    .   l - +0 scale mail
rPois    .         Spirit   .   (no helmet)
rElec    .         Reflect  .   (no cloak)
rCorr    .         Harm     .   (no gloves)
MR       .....                  (no barding)
Stlth    ..........             n - amulet of regeneration
Regen    0.7/turn               k - +3 ring of intelligence
MPRegen  0.2/turn               (no ring)

@: very quick
A: hooves 3, deformed body, speed 2, tough skin 3
a: no special abilities


You were on level 5 of the Dungeon.
You were not hungry.

You visited 1 branch of the dungeon, and saw 5 of its levels.

You collected 225 gold pieces.

Inventory:

Hand Weapons
 a - a +1 shortbow
 c - a +0 trident (weapon)
Missiles
 d - 60 arrows
Armour
 l - a +0 scale mail (worn)
Jewellery
 k - a +3 ring of intelligence (left hand)
 n - an amulet of regeneration (around neck)
Wands
 i - a wand of random effects (15/48)
Scrolls
 b - a scroll of enchant weapon {unknown}
 e - 2 scrolls of identify
 j - a scroll of remove curse
 m - 2 scrolls of blinking
Potions
 g - a potion of agility
 o - a potion of mutation {unknown}
Comestibles
 f - 2 bread rations


   Skills:
 + Level 5.0 Fighting
   Level 0.3 Short Blades
 + Level 0.1 Polearms
 + Level 10.5 Bows
 + Level 3.1 Armour
 - Level 1.4 Dodging
 - Level 0.4 Stealth


You had 7 spell levels left.
You didn't know any spells.

Dungeon Overview and Level Annotations

Branches:
Dungeon (5/15)
 Temple: D:4-7

Altars:
Fedhas


Innate Abilities, Weirdness & Mutations

You have hooves in place of feet.
Armour fits poorly on your strangely shaped body.
You cover ground very quickly.
You have extremely tough skin. (AC +3)


Message History

You kick the sky beast, but do no damage.
The sky beast is severely wounded.
The sky beast hits you.
* * * LOW HITPOINT WARNING * * *
The sky beast shocks you.
* * * LOW HITPOINT WARNING * * *
You feel better.
The sky beast hits you but does no damage.
You hit the sky beast but do no damage.
The sky beast is severely wounded.
The sky beast flickers out of sight!
Deactivating autopickup; reactivate with Ctrl-A.
Something hits you.
* * * LOW HITPOINT WARNING * * *
Something shocks you.
* * * LOW HITPOINT WARNING * * *
You hit something. You kick something. Something hits you.
* * * LOW HITPOINT WARNING * * *
Something shocks you.
You die...

###########
#...#
##...#
#####....#
#........#
#.........#
..........#
..........#
.........{#
.........@#
..........#
..........#
........#
.........
.........
##........
....###.##
.### #.#


There were no monsters in sight!

Vanquished Creatures
  Pikel (D:4)
  Grinder (D:5)
  Edmund (D:4)
  An ogre (D:4)
  2 hounds
  An orc wizard (D:4)
  3 iguanas
  2 hound skeletons (D:4)
  4 adders
  An adder skeleton (D:4)
  2 worms
  A dart slug (D:1)
  A leopard gecko (D:3)
  8 orcs
  4 giant cockroaches
  7 goblins
  10 hobgoblins
  5 jackals
  9 kobolds
  A quokka (D:3)
  4 ball pythons
  10 bats
  7 frilled lizards
  A quokka zombie (D:5)
  8 rats
95 creatures vanquished.

Vanquished Creatures (others)
  3 slaves (D:4)
  A hound skeleton (D:4)
  A worm (D:4)
5 creatures vanquished.

Grand Total: 100 creatures vanquished

Notes
Turn   | Place    | Note
-------+----------+-------------------------------------------
     0 | D:1      | Sause the Centaur Hunter began the quest for the Orb.
     0 | D:1      | Reached XP level 1. HP: 17/17 MP: 1/1
   465 | D:1      | Reached XP level 2. HP: 24/24 MP: 2/2
   503 | D:1      | Reached skill level 6 in Bows
  1206 | D:2      | Reached XP level 3. HP: 29/29 MP: 3/3
  1466 | D:2      | Found a blossoming altar of Fedhas.
  1933 | D:3      | Reached XP level 4. HP: 31/37 MP: 4/4
  2284 | D:3      | Reached skill level 7 in Bows
  2818 | D:4      | Noticed Edmund
  2847 | D:4      | Reached XP level 5. HP: 44/45 MP: 5/5
  2882 | D:4      | Noticed an ogre
  2896 | D:4      | Reached skill level 1 in Armour
  3031 | D:4      | Noticed Pikel
  3031 | D:4      | Noticed a slave
  3031 | D:4      | Noticed a slave
  3033 | D:4      | Noticed a slave
  3034 | D:4      | Noticed a slave
  3052 | D:4      | Killed Pikel
  3052 | D:4      | Reached skill level 9 in Bows
  3052 | D:4      | Reached XP level 6. HP: 9/53 MP: 6/6
  3052 | D:4      | Reached XP level 7. HP: 10/60 MP: 7/7
  3185 | D:4      | Killed Edmund
  3688 | D:4      | Reached skill level 10 in Bows
  3801 | D:5      | Entered Level 5 of the Dungeon
  3848 | D:5      | Noticed Grinder
  3857 | D:5      | Paralysed by Grinder for 7 turns
  3872 | D:5      | Killed Grinder
  3872 | D:5      | Reached skill level 5 in Fighting
  3872 | D:5      | Reached XP level 8. HP: 46/68 MP: 8/8
  4107 | D:5      | HP: 2/68 [sky beast (6)]
  4110 | D:5      | Slain by a sky beast

Skill      XL: |  1  2  3  4  5  6  7 |
---------------+----------------------+-----
Bows           | 6 7 9 10 | 10.5
Fighting       | 3 4 5 |  5.0
Armour         | 2 3 |  3.1
Short Blades   | |  0.3
Polearms       | |  0.1
Dodging        | |  1.4
Stealth        | |  0.4

Action                   |  1- 3 |  4- 6 |  7- 9 || total
-------------------------+-------+-------+-------++-------
Melee: Short sword       |    92 |    89 |       ||   181
       Kick              |    13 |    23 |    16 ||    52
       Trident           |       |    32 |    62 ||    94
 Fire: Shortbow          |    63 |    32 |    54 ||   149
  Use: Scroll            |     4 |     3 |       ||     7
       Potion            |     2 |     2 |     4 ||     8
  Eat: Royal jelly       |     1 |       |       ||     1
       Fruit             |       |     3 |       ||     3
       Bread ration      |       |       |     1 ||     1
Armor: Leather armour    |    19 |       |       ||    19
       Scale mail        |    35 |    63 |    20 ||   118
Dodge: Dodged            |    30 |    57 |    16 ||   103
